 Dungeon Crawl Stone Soup version 0.27.0-1-g7a089689b8 (webtiles) character file.

Game seed: 12428213842755374370

441 nxtlvl the Twirler (level 7, -9/50 HPs)
             Began as a Human Gladiator on Aug 5, 2021.
             Mangled by an orc warrior (11 damage)
             ... on level 4 of the Dungeon.
             The game lasted 00:11:23 (1414 turns).

nxtlvl the Twirler (Human Gladiator)                Turns: 1414, Time: 00:11:23

Health: -9/50      AC: 10    Str: 15    XL:     7   Next: 22%
Magic:  7/7        EV: 11    Int: 10    God:
Gold:   111        SH:  0    Dex: 14    Spells: 6/6 levels left

rFire    . . .     SeeInvis .   a - +0 quarterstaff
rCold    . . .     Faith    .   (shield currently unavailable)
rNeg     . . .     Spirit   .   j - +4 ring mail
rPois    .         Reflect  .   c - +0 helmet
rElec    .         Harm     .   (no cloak)
rCorr    .         Rampage  .   (no gloves)
Will     .....                  (no boots)
Stlth    +.........             (no amulet)
HPRegen  0.16/turn              (no ring)
MPRegen  0.10/turn              (no ring)

@: mighty
A: no striking features
a: no special abilities


You were on level 4 of the Dungeon.
You visited 1 branch of the dungeon, and saw 4 of its levels.

You collected 111 gold pieces.

Inventory:

Hand Weapons
 a - a +0 quarterstaff (weapon)
Missiles
 l - 2 javelins
 m - 10 poisoned darts (quivered)
Armour
 c - a +0 helmet (worn)
 j - a +4 ring mail (worn)
Scrolls
 e - a scroll of magic mapping {unknown}
 k - a scroll of enchant weapon {unknown}
 o - a scroll of teleportation {unknown}
 p - a scroll of amnesia {unknown}
 r - a scroll of enchant armour {unknown}
Potions
 b - a potion of flight
 h - a potion of cancellation
 i - a potion of lignification
 q - a potion of might


   Skills:
 - Level 2.0 Fighting
 + Level 7.7 Staves
 - Level 2.0 Throwing
 - Level 3.0 Dodging


You had 6 spell levels left.
You didn't know any spells.
Your spell library contained the following spells:

 Spells                   Type           Power      Damage    Failure   Level
 Corona                   Hex            0%         N/A       58%         1
 Freeze                   Ice            0%         1d3       58%         1
 Ensorcelled Hibernation  Hex/Ice        0%         N/A       75%         2
 Tukima's Dance           Hex            0%         N/A       92%         3
 Leda's Liquefaction      Hex/Erth       0%         N/A       100%        4
 Freezing Cloud           Conj/Ice/Air   0%         6-21      100%        5


Dungeon Overview and Level Annotations

Branches:
Dungeon (4/15)
 Temple: D:4-7

Altars:
Gozag
Kikubaaqudgha
Qazlal


Message History

Your transformation is almost over.
You start resting.
An orc warrior is nearby!
It was a potion of might.
You feel very mighty all of a sudden.
You feel much better.
You completely miss the orc warrior.
The orc warrior hits you but does no damage.
You closely miss the orc warrior.
The orc warrior hits you but does no damage.
You barely miss the orc warrior.
The orc warrior hits you with a +0 mace.
You closely miss the orc warrior.
You feel less wooden.
Your +0 helmet unmelds from your body.
Your +4 ring mail unmelds from your body.
The orc warrior hits you with a +0 mace.
You hit the orc warrior.
The orc warrior is lightly wounded.
The orc warrior hits you with a +0 mace!
* * * LOW HITPOINT WARNING * * *
You thump the orc warrior!
The orc warrior is heavily wounded.
You barely miss the orc warrior.
The orc warrior is heavily wounded.
The orc warrior barely misses you.
You closely miss the orc warrior.
The orc warrior is heavily wounded.
The orc warrior barely misses you.
You closely miss the orc warrior.
The orc warrior is heavily wounded.
The orc warrior hits you with a +0 mace!
* * * LOW HITPOINT WARNING * * *
It was a potion of curing.
You feel better.
The orc warrior hits you with a +0 mace!
* * * LOW HITPOINT WARNING * * *
You sock the orc warrior!
The orc warrior is almost dead.
The orc warrior hits you with a +0 mace!
You die...

.#
#.........#########.........
.# #.##.#..#.†.....#
########## ## #.
#).....#.#.#.# #.
#......#.....# #.
#.#..#.#.#.#.# #.
#......#.....# #.
###########'## #.. .Y#....#
#..#K..#@##†# ## #.).o.##.#
#)#####....# ######


You could see an orc warrior.

Vanquished Creatures
  An ice beast (D:4)
  3 scorpions (D:4)
  A hound (D:4)
  An orc priest (D:4)
  2 adders
  A howler monkey skeleton (D:3)
  An adder skeleton (D:4)
  3 dart slugs
  8 orcs (D:4)
  5 ball pythons
  3 bats
  3 endoplasms
  2 giant cockroaches
  8 hobgoblins
  7 jackals
  9 kobolds
  2 quokkas (D:2)
  6 frilled lizards
  3 goblins
  A rat (D:2)
70 creatures vanquished.

Notes
Turn   | Place    | Note
-------+----------+-------------------------------------------
     0 | D:1      | nxtlvl the Human Gladiator began the quest for the Orb.
     0 | D:1      | Reached XP level 1. HP: 16/16 MP: 1/1
    81 | D:1      | Reached XP level 2. HP: 22/22 MP: 2/2
   179 | D:2      | Reached skill level 4 in Staves
   179 | D:2      | Reached XP level 3. HP: 20/27 MP: 3/3
   359 | D:3      | Found a stormy altar of Qazlal.
   766 | D:2      | Reached XP level 4. HP: 32/33 MP: 4/4
   926 | D:4      | Reached skill level 5 in Staves
   956 | D:4      | Noticed a scorpion
   967 | D:4      | Killed a scorpion
   968 | D:4      | Reached XP level 5. HP: 37/38 MP: 5/5
  1055 | D:4      | Found an ancient bone altar of Kikubaaqudgha.
  1105 | D:4      | Got the Catalogue of the Oath and Ice
  1112 | D:3      | Found an opulent altar of Gozag.
  1193 | D:4      | Reached skill level 6 in Staves
  1227 | D:4      | Reached XP level 6. HP: 21/44 MP: 6/6
  1327 | D:4      | Noticed an orc warrior
  1348 | D:4      | Noticed an ice beast
  1379 | D:4      | Reached skill level 7 in Staves
  1388 | D:4      | Killed an ice beast
  1389 | D:4      | Reached XP level 7. HP: 29/50 MP: 7/7
  1413 | D:4      | HP: 2/50 [orc warrior (7)]
  1414 | D:4      | Mangled by an orc warrior

Illustrated notes

Levels and vault maps discovered:
D:1:      dpeg_arrival_radiant, layout_loops_cross
D:2:      layout_rooms
D:3:      cheibrodos_helix_gallery, layout_basic, grunt_qazlal_sundering,
          nicolae_overflow_hidden_temple
D:4:      minmay_clustersquares, layout_basic, lemuel_crystal_altar,
          lemuel_coloured_pillars_altar

Skill      XL: |  1  2  3  4  5  6 |
---------------+-------------------+-----
Staves         | 4 5 6 7 |  7.7
Fighting       | |  2.0
Throwing       | |  2.0
Dodging        | |  3.0

Action                   |  1- 3 |  4- 6 |  7- 9 || total
-------------------------+-------+-------+-------++-------
Melee: Quarterstaff      |    88 |   127 |    10 ||   225
Throw: Throwing net      |       |     4 |       ||     4
       Dart              |       |       |     3 ||     3
  Use: Scroll            |       |     3 |       ||     3
       Potion            |       |     1 |     3 ||     4
 Stab: Held in net/web   |       |     3 |       ||     3
Armor: Leather armour    |    13 |       |       ||    13
       Ring mail         |    14 |    44 |       ||    58
       Skin              |       |     9 |     2 ||    11
Dodge: Dodged            |    56 |    56 |     2 ||   114
